 Dungeon Crawl Stone Soup version 0.24.0-123-gd5b16e6ec5 (webtiles) character file.

Game seed: 4735225773303997330, levelgen mode: deterministic

44 Norian the Conjurer (level 3, 0/19 HPs)
             Began as a Deep Elf Conjurer on Dec 18, 2019.
             Succumbed to a worker ant's poison
             ... on level 4 of the Dungeon.
             The game lasted 00:01:06 (916 turns).

Norian the Conjurer (Deep Elf Conjurer)              Turns: 916, Time: 00:01:07

Health: 0/19       AC:  3    Str:  6    XL:     3   Next: 39%
Magic:  1/10       EV: 13    Int: 19    God:
Gold:   99         SH:  0    Dex: 15    Spells: 9/10 levels left

rFire    . . .     SeeInvis .   (no weapon)
rCold    . . .     Gourm    .   (no shield)
rNeg     . . .     Faith    .   a - +0 robe
rPois    .         Spirit   .   b - +1 hat
rElec    .         Reflect  .   (no cloak)
rCorr    .         Harm     .   (no gloves)
MR       .....                  (no boots)
Stlth    ++........             (no amulet)
HPRegen  0.06/turn              (no ring)
MPRegen  0.12/turn              (no ring)

@: lethally poisoned (0 -> -8)
A: no striking features
a: no special abilities


You were on level 4 of the Dungeon.
You were not hungry.

You visited 1 branch of the dungeon, and saw 3 of its levels.

You collected 99 gold pieces.

Inventory:

Armour
 a - a +0 robe (worn)
 b - a +1 hat (worn)
Jewellery
 j - an uncursed ring of fire {unknown}
Scrolls
 g - 2 scrolls of identify {unknown}
 h - a scroll of blinking {unknown}
Potions
 d - a potion of brilliance {unknown}
 e - 2 potions of mutation {unknown}
 f - 2 potions of curing {unknown}
 i - a potion of lignification {unknown}
 k - a potion of magic {unknown}
Comestibles
 c - 4 rations


   Skills:
 - Level 2.4 Dodging
 - Level 2.4 Stealth
 + Level 4.3 Spellcasting
 + Level 5.1 Conjurations


You had 9 spell levels left.
You knew the following spells:

 Your Spells              Type           Power        Failure   Level  Hunger
a - Magic Dart            Conj           ###.         1%          1    None

Your spell library contained the following spells:

 Spells                   Type           Power        Failure   Level  Hunger
 Searing Ray              Conj           ###...       2%          2    #......
 Dazzling Spray           Conj/Hex       ##....       14%         3    ###....
 Iskenderun's Mystic Bla  Conj           ###.....     16%         4    ####...
 Force Lance              Conj/Tloc      ##......     43%         4    ####...
 Fulminant Prism          Conj/Hex       ##........   43%         4    ####...


Dungeon Overview and Level Annotations

Branches:
Dungeon (2/15)

Altars:
Elyvilon


Message History

No previous command to re-do.
No previous command to re-do.
You feel sick. The worker ant closely misses you.
Found a stone staircase leading down.
You feel sick.
* * * LOW HITPOINT WARNING * * *
You feel sick.
* * * LOW HITPOINT WARNING * * *
You feel sick. The worker ant bites you.
* * * LOW HITPOINT WARNING * * *
* * * LOW HITPOINT WARNING * * *
You feel sick.
An ogre comes into view. It is wielding a +0 giant club.
* * * LOW HITPOINT WARNING * * *
You feel sick.
The ogre shouts!
Found a silvery potion.
* * * LOW HITPOINT WARNING * * *
You feel sick. The worker ant barely misses you.
You die...

##.#..#....#
...........#
......#.####
..... #.#
!.....#.#
......#.###
.......a..###
......#.....#
####.##@#.#.#
#. #...# # #
#.#.# #.#.#
... . ... ##
###


You could see a worker ant.

Vanquished Creatures
  A hound skeleton (D:4)
  An adder skeleton (D:4)
  A worm (D:2)
  2 leopard geckos
  4 bats
  A giant cockroach (D:2)
  A goblin (D:1)
  2 hobgoblins (D:2)
  2 frilled lizards (D:1)
  4 kobolds
  5 rats (D:1)
24 creatures vanquished.

Notes
Turn   | Place    | Note
-------+----------+-------------------------------------------
     0 | D:1      | Norian the Deep Elf Conjurer began the quest for the Orb.
     0 | D:1      | Reached XP level 1. HP: 10/10 MP: 6/6
   234 | D:1      | Reached XP level 2. HP: 15/15 MP: 2/8
   832 | D:2      | Found a white marble altar of Elyvilon.
   896 | D:2      | You fall into a shaft and drop 2 floors!
   900 | D:4      | Reached skill level 5 in Conjurations
   900 | D:4      | Reached XP level 3. HP: 18/19 MP: 5/10
   913 | D:4      | Noticed an ogre
   916 | D:4      | Succumbed to a worker ant's poison

Levels and vault maps discovered:
D:1:      psy_arrival_terrarium, layout_basic
D:2:      layout_loops_corners, lightli_temple_of_fire, elyvilon_altar_5,
          uniq_sigmund
D:4:      layout_loops_cross, yredelemnul_forgotten_temple_becter,
          minmay_temple_entry_stoned_glass, first_ration, serial_shops, shop,
          nicolae_shop_competitors_out_of_business, nicolae_shop_crystal,
          uniq_duvessa

Skill      XL: |  1  2 |
---------------+-------+-----
Spellcasting   | 4 |  4.3
Conjurations   | 5 |  5.1
Dodging        | |  2.4
Stealth        | |  2.4

Action                   || total
-------------------------++-------
 Cast: Magic Dart        ||    48
Armor: Robe              ||     1
Dodge: Dodged            ||    14
